 Dungeon Crawl Stone Soup version 0.17-a0-417-gc4a8610 (webtiles) character file.

220 Ngotmuk the Skirmisher (level 5, 0/34 HPs)
             Began as a Gargoyle Fighter on Apr 1, 2015.
             Killed by divine providence
             ... invoked by an orc priest
              (9 damage)
             ... on level 3 of the Dungeon on Apr 3, 2015.
             The game lasted 00:05:11 (1696 turns).

Ngotmuk the Skirmisher (Gargoyle Fighter)           Turns: 1696, Time: 00:05:11

Health: 0/34       AC: 18    Str: 20    XL:     5   Next: 97%
Magic:  0/5        EV:  6    Int:  9    God:
Gold:   159        SH:  6    Dex:  9    Spells: 0 memorised, 4 levels left

rFire  . . .     SeeInvis .     a - +0 flail
rCold  + . .     Clarity  .     c - +0 plate armour
rNeg   + . .     SustAb   .     m - +2 buckler
rPois  ∞         Gourm    .     i - +0 helmet
rElec  +         Spirit   +     (no cloak)
rCorr  .         Warding  .     n - +0 pair of gloves
rMut   .         Stasis   .     (no boots)
MR     .....                    s - amulet of guardian spirit
Stlth  ..........               (no ring)
                                u - ring of protection from cold

@: not resistant to hostile enchantments, extremely unstealthy
A: negative energy resistance 1, electricity resistance, unbreathing,
petrification resistance, rot immunity, AC +4
a: no special abilities


You were on level 3 of the Dungeon.
You were very hungry.

You visited 1 branch of the dungeon, and saw 3 of its levels.

You collected 159 gold pieces.

Inventory:

Hand weapons
 a - a +0 flail (weapon)
Armour
 c - a +0 plate armour (worn)
 i - a +0 helmet (worn)
 m - a +2 buckler (worn)
 n - a +0 pair of gloves (worn)
Jewellery
 s - an amulet of guardian spirit (around neck)
 u - a ring of protection from cold (left hand)
Scrolls
 g - 2 scrolls of identify {unknown}
 h - a scroll of magic mapping {unknown}
 l - a scroll of fear {unknown}
 o - 3 scrolls of amnesia {unknown}
 p - a scroll of noise {unknown}
 r - a scroll of enchant armour {unknown}
 t - a scroll of blinking {unknown}
Potions
 e - a potion of might
 f - 3 potions of agility {unknown}
 k - 3 potions of restore abilities {unknown}
 q - a potion of curing {unknown}
Comestibles
 b - 2 meat rations
 d - 3 bread rations
 j - 3 fruits


   Skills:
 + Level 4.3 Fighting
 + Level 3.2 Maces & Flails
 + Level 4.2 Armour
 + Level 1.8 Dodging
 + Level 4.1 Shields


You had 4 spell levels left.
You didn't know any spells.

Dungeon Overview and Level Annotations

Branches:
Dungeon (3/15)

Altars:
Ashenzari


Innate Abilities, Weirdness & Mutations

You are resistant to torment.
Your stone body is resilient (AC +4).
You are immune to poison.
You resist negative energy.
You are resistant to electric shocks.
You can survive without breathing.
You are immune to petrification.
You are immune to rotting.


Message History

The goblin wields an uncursed hunting sling.
The goblin shoots a stone.
The stone hits you but does no damage.
The orc throws a tomahawk.
You block the tomahawk.
You see here a tomahawk.
Your plate armour prevents you from hitting the jackal.
The jackal closely misses you. You block the jackal's attack.
You barely miss the jackal.
The orc priest becomes somewhat translucent.
The jackal bites you but does no damage.
The orc priest invokes the aid of Beogh against you.
Something smites you!
You closely miss the jackal. The jackal bites you.
* * * LOW HITPOINT WARNING * * *
You block the jackal's attack.
You hit the jackal.
The jackal is severely wounded.
The jackal bites you but does no damage.
The orc priest mumbles some strange prayers to Beogh against you.
Something smites you!
You die...

.....$ . ......# # ....... ..
..########...... .
.......>.....# ........ogo..#
# ........oh)..# #######h#####
#@# . ..# ######.#####...
#....#####.............. .
#........(.............. ..# #
#......#................ ... #
....##.#...............)
#.#... ... #.............####
#.# ## .
..#####...)......########.#.##
.........).†..............#...


You could see an orc priest, 2 orcs, 2 jackals and a goblin.

Vanquished Creatures
  The ghost of Elizilla the Ruffian, a weakling TrMo (D:3)
  Natasha (twice) (D:2)
  An orc wizard (D:3)
  5 adders (D:2)
  A worm (D:2)
  3 giant geckos
  An ooze (D:2)
  4 orcs (D:3)
  10 bats
  A bat skeleton (D:3)
  A giant cockroach (D:3)
  4 hobgoblins
  4 jackals (D:3)
  2 quokkas (D:2)
  8 goblins
  6 kobolds
  10 rats
64 creatures vanquished.

Notes
Turn   | Place    | Note
--------------------------------------------------------------
     0 | D:1      | Ngotmuk, the Gargoyle Fighter, began the quest for the Orb.
     0 | D:1      | Reached XP level 1. HP: 14/14 MP: 1/1
    40 | D:1      | Upgraded the game from 0.17-a0-372-gcac7fed to 0.17-a0-417-gc4a8610
   120 | D:1      | Reached XP level 2. HP: 9/19 MP: 2/2
   454 | D:2      | Reached XP level 3. HP: 21/23 MP: 3/3
   549 | D:2      | Found a shattered altar of Ashenzari.
   644 | D:2      | Noticed Natasha
   661 | D:2      | Killed Natasha
   661 | D:2      | Reached XP level 4. HP: 13/29 MP: 4/4
  1034 | D:2      | Reached skill level 1 in Dodging
  1053 | D:2      | Reached skill level 4 in Armour
  1101 | D:2      | Reached XP level 5. HP: 33/33 MP: 5/5
  1203 | D:2      | Noticed Natasha
  1208 | D:2      | Killed Natasha
  1485 | D:3      | Noticed Elizilla's ghost (weakling TrMo)
  1502 | D:3      | Killed Elizilla's ghost
  1696 | D:3      | Killed from afar by an orc priest

Action                   |  1- 3 |  4- 6 || total
-------------------------+-------+-------++-------
Melee: Flail             |   124 |   142 ||   266
  Eat: Royal jelly       |       |     1 ||     1
